 Dungeon Crawl Stone Soup version 0.29.1-1-gd02db6906a (webtiles) character file.

Game seed: 13777124568929490995

111 Jakudza the Gusty (level 4, -4/25 HPs)
             Began as a Tengu Air Elementalist on Oct 1, 2022.
             Killed by an exploding butterfly (29 damage)
             ... ignited by their inner flame
             ... on level 3 of the Dungeon.
             The game lasted 00:05:18 (2622 turns).

Jakudza the Gusty (Tengu Air Elementalist)          Turns: 2622, Time: 00:05:18

Health: -4/25      AC:  4    Str:  8    XL:     4   Next: 92%
Magic:  7/8        EV: 12    Int: 18    God:
Gold:   42         SH:  0    Dex: 14    Spells: 1/8 levels left

rFire   . . .      SeeInvis .   e - +4 short sword
rCold   . . .      Faith    .   (no shield)
rNeg    . . .      Spirit   .   c - +0 leather armour
rPois   .          Reflect  .   (helmet restricted)
rElec   .          Harm     .   (no cloak)
rCorr   .          Rampage  .   j - +0 pair of gloves
Will    .....                   (boots unavailable)
Stlth   ++........              (no amulet)
HPRegen 0.08/turn               (no ring)
MPRegen 0.11/turn               (no ring)

@: no status effects
A: beak, talons 3
a: no special abilities


You were on level 3 of the Dungeon.
You visited 1 branch of the dungeon, and saw 3 of its levels.

You collected 42 gold pieces.

Inventory:

Hand Weapons
 e - a +4 short sword (weapon)
Armour
 a - a +1 robe
 c - a +0 leather armour (worn)
 j - a +0 pair of gloves (worn)
Jewellery
 g - a ring of flight
Scrolls
 f - a scroll of blinking
 k - 3 scrolls of identify
Potions
 b - a potion of magic
 d - a potion of curing {unknown}
 h - 2 potions of heal wounds {unknown}


   Skills:
 + Level 1.0 Fighting
 + Level 2.9 Dodging
 - Level 2.3 Stealth
 + Level 2.5 Spellcasting
 * Level 3.2 Conjurations
 * Level 4.9 Air Magic


You had one spell level left.
You knew the following spells:

 Your Spells              Type           Power      Damage    Failure   Level
a - Shock                 Conj/Air       68%        1d7       4%          1
b - Static Discharge      Conj/Air       17%        3-6/arc   7%          2
c - Airstrike             Air            10%        2d(2-18)  32%         4

Your spell library contained the following spells:

 Spells                   Type           Power      Damage    Failure   Level
 Swiftness                Air            20%        N/A       10%         3
 Iskenderun's Battlesphe  Conj           14%        2d7       88%         5
 Summon Forest            Summ/Tloc      1%         N/A       100%        5
 Summon Mana Viper        Hex/Summ       2%         N/A       100%        5
 Iron Shot                Conj/Erth      4%         9d2       100%        6
 Summon Cactus Giant      Summ           1%         N/A       100%        6
 Spellforged Servitor     Conj/Summ      4%         N/A       100%        7


Dungeon Overview and Level Annotations

Branches:
Dungeon (3/15)

Altars:


Innate Abilities, Weirdness & Mutations

You have a beak for a mouth.
You have claws for feet.


Message History

The jackal barks!
You hear a bark! x2
A jackal is nearby!
The zap hits the jackal.
You kill the jackal!
You see here 6 stones.
A jackal comes into view.
The jackal barks!
The zap misses the jackal.
The zap hits the jackal.
You kill the jackal!
You can't see any susceptible monsters within range! (Use Z to cast anyway.)
You can't see any susceptible monsters within range! (Use Z to cast anyway.)
A jackal comes into view.
The jackal moves out of view.
l - a scroll labelled OPEKLE FYSOUSH A quokka comes into view.
Found a club.
As you read the scroll labelled MONOAM XOROYGE, it crumbles to dust.
You hear the tinkle of a tiny bell.
It was a scroll of butterflies.
As you read the scroll labelled OPEKLE FYSOUSH, it crumbles to dust.
The creatures around you are filled with an inner flame!
It was a scroll of immolation.
The quokka misses your butterfly.
Casting: Shock (safe; 4% risk of failure)
Confirm with . or Enter, or press ? or * to list all spells.
Aiming: Shock (safe; 4% risk of failure)
Press: ? - help, Shift-Dir - straight line, f - quokka
Aim: a quokka (inner flame, ally target, 60% to hit)
Really fire in your butterfly's direction?
The zap misses your butterfly. The zap hits your butterfly.
Your butterfly disappears in a burst of colours!
The zap hits the quokka.
Flame seeps out of the quokka.
The quokka is almost dead.
Your butterfly explodes!
The fiery explosion engulfs the quokka!!
The fiery explosion engulfs your butterfly!
Your butterfly disappears in a burst of colours!
Your butterfly explodes!
The fiery explosion engulfs you!!
Ouch! That really hurt!
You die...

*,**,*,,,,,..,,...# #.#
*,,,∩,,,,,,,,.....# #.#
*,**,****,*,,.....# #.#
*,*#,,* *,,,.###..###.####
*,*#.,***,,,.............#
*,**).##,*,b.###..........
*,**,,○§#*#.#* #.†##..##..
*,**,,*#§#b#* #..##.#####
*,*#..###@######..##.*
*,*#...bb.b.b..#..##.* ##
*,*##.b.bbbb......##.# #.
*,....b...####.##.##.# #.
**######### #.......# #.
####.#######. #.....(...
##########


There were no monsters in sight!

Vanquished Creatures
  5 adders
  3 worms
  A dart slug (D:2)
  7 bats
  4 endoplasms
  2 giant cockroaches
  9 goblins
  2 hobgoblins (D:1)
  3 jackals (D:3)
  3 quokkas
  2 ball pythons
  5 frilled lizards
  9 kobolds
  A rat (D:1)
56 creatures vanquished.

Vanquished Creatures (others)
  3 fungi (D:1)
  2 plants (D:1)
5 creatures vanquished.

Grand Total: 61 creatures vanquished

Notes
Turn   | Place    | Note
-------+----------+-------------------------------------------
     0 | D:1      | Jakudza the Tengu Air Elementalist began the quest for the
                  | Orb.
     0 | D:1      | Reached XP level 1. HP: 10/10 MP: 4/4
   133 | D:1      | Found a faded altar of an unknown god.
   137 | D:1      | Reached XP level 2. HP: 15/15 MP: 4/6
   723 | D:1      | Reached XP level 3. HP: 19/19 MP: 3/7
   925 | D:1      | Learned a level 2 spell: Static Discharge
  1323 | D:2      | Reached XP level 4. HP: 24/24 MP: 2/8
  2406 | D:3      | Learned a level 4 spell: Airstrike
  2417 | D:3      | Reached skill level 1 in Fighting
  2622 | D:3      | Killed by an exploding butterfly... ignited by their inner
                  | flame

Illustrated notes

Levels and vault maps discovered:
D:1:      minmay_arrival_stair_chambers, layout_loops_ring,
          dreamdust_ecumenical_altar_grove
D:2:      layout_rooms, minmay_misc_feat_five
D:3:      layout_loops_ring, serial_shops, nicolae_shop_crystal

Skill      XL: |  1  2  3  4 |
---------------+-------------+-----
Conjurations   | 2 3 |  3.2
Fighting       | 1 |  1.0
Dodging        | |  2.9
Stealth        | |  2.3
Spellcasting   | |  2.5
Air Magic      | |  4.9

Action                   |  1- 3 |  4- 6 || total
-------------------------+-------+-------++-------
Melee: Short sword       |     4 |       ||     4
       Kick              |     3 |       ||     3
 Cast: Shock             |    69 |    46 ||   115
  Use: Scroll            |     3 |     8 ||    11
Armor: Leather armour    |     1 |       ||     1
Dodge: Dodged            |    14 |     3 ||    17
